 Dungeon Crawl Stone Soup version 0.29.0-4-gdea44cf6ec (webtiles) character file.

Game seed: 2095546201077505266

14632 qw the Brawler (level 11, -2/105 HPs)
             Began as a Troll Cinder Acolyte on Aug 30, 2022.
             Was a Priest of Ignis.
             Killed from afar by a naga (3 damage)
             ... with a splash of poison
             ... on level 3 of the Lair of Beasts.
             The game lasted 00:04:50 (8642 turns).

qw the Brawler (Troll Cinder Acolyte)               Turns: 8642, Time: 00:04:50

Health: -2/105     AC: 15    Str: 28    XL:     11   Next: 91%
Magic:  11/11      EV: 14    Int: 10    God:    Ignis [***...]
Gold:   824        SH:  5    Dex: 11    Spells: 12/12 levels left

rFire   + . .      SeeInvis .     - Unarmed
rCold   . . .      Faith    .   (no shield)
rNeg    . . .      Spirit   .   k - +0 steam dragon scales
rPois   .          Reflect  +   (helmet restricted)
rElec   .          Harm     .   m - +0 cloak
rCorr   .          Rampage  .   (gloves unavailable)
Will    .....                   (boots unavailable)
Stlth   +.........              e - amulet of reflection
HPRegen 1.07/turn               f - +6 ring of dexterity
MPRegen 0.12/turn               l - +4 ring of evasion

@: lethally poisoned (-2 -> -8), about to teleport, fiery-armoured
A: large, unfitting armour, claws 3, regeneration 1, shaggy fur 1, tough skin 1
a: Renounce Religion, Fiery Armour, Foxfire Swarm, Rising Flame


You were on level 3 of the Lair of Beasts.
You worshipped Ignis.
Ignis was most pleased with you.
You visited 2 branches of the dungeon, and saw 11 of its levels.

You collected 824 gold pieces.


Innate Abilities, Weirdness & Mutations

You are too large for most types of armour.
You have claws for hands.
Your natural rate of healing is unusually fast.
You are covered in fur. (AC +1)
You have tough skin. (AC +1)


   Skills:
 + Level 6.2 Fighting
 - Level 6.0 Throwing
 - Level 2.0 Armour
 - Level 3.9 Dodging
 - Level 16.0 Unarmed Combat
 - Level 1.0 Spellcasting
 - Level 2.1 Fire Magic


You had 12 spell levels left.
You didn't know any spells.
Your spell library contained the following spells:

 Spells                   Type           Power      Damage    Failure   Level
 Scorch                   Fire           8%         2d5       22%         2

Inventory:

Missiles
 i - 3 boomerangs
 n - 3 large rocks (quivered)
Armour
 k - +0 steam dragon scales (worn)
 m - a +0 cloak (worn)
Jewellery
 e - an amulet of reflection (around neck)
 f - a +6 ring of dexterity (left claw)
 l - a +4 ring of evasion (right claw)
 o - a ring of ice
Scrolls
 b - 2 scrolls of teleportation
 c - 2 scrolls of identify
 r - a scroll of enchant weapon
Potions
 d - 5 potions of curing
 g - 2 potions of mutation
 h - a potion of resistance
 j - a potion of ambrosia {unknown}
 p - a potion of berserk rage {unknown}
 q - a potion of cancellation {unknown}

Dungeon Overview and Level Annotations

Branches:
Dungeon (8/15)             Temple (0/1) D:4            Lair (3/5) D:8
 Shoals (0/4) Lair:3        Snake (0/4) Lair:3

Altars:
Cheibriados
Dithmenos
Elyvilon
Gozag
Hepliaklqana
Kikubaaqudgha
Okawaru
Qazlal
Ru
Vehumet
Wu Jian
Xom
Yredelemnul
The Shining One

Annotations:
Lair:1 2 transporters


Message History

The naga is almost dead.
You feel sick. The naga barely misses you.
You mangle the naga!!
You kill the naga!
You feel sick. The naga spits poison at you. The splash of poison hits you.
You are more poisoned.
The naga closely misses you.
The naga hits you from afar with a +0 glaive!!
8639 ||| INVOKING Fiery Armour.
A protective cloak of flame settles atop you.
You feel sick.
The naga hits you from afar with a +0 trident of protection!
The naga spits poison at you.
The splash of poison hits you but does no damage.
You are more poisoned.
The naga misses you.
8640 ||| READING 3 scrolls of teleportation.
As you read the scroll of teleportation, it crumbles to dust.
You feel strangely unstable.
You feel very sick. The naga hits you but does no damage.
The naga spits poison at you.
The splash of poison hits you but does no damage.
You are more poisoned.
The naga spits poison at you. The splash of poison misses you.
8641 ||| DRINKING potion of heal wounds.
You feel much better.
You feel very sick.
The naga hits you from afar with a +0 trident of protection!
The naga barely misses you.
The naga hits you from afar with a +0 glaive!
You feel very sick. The naga closely misses you. You block the naga's attack.
The naga spits poison at you. The splash of poison hits you.
You are more poisoned.
You die...

....P......## ........#...##
........##...# .....)..##...##
...... #.#####.##....## #..... #
##...##....# #....#
#.....###.P## #.)..#
#.....###...# .....#
#..###@)###..# #....#
#....NNN##.#.## #....#
#...>.N.#####.# #....###
#.......# #.## #......##
#..###..# ##.#
......#.####.....#### #.#
#.....#..###.....##P####.####.##
...........##...##..............
............##.##.#P##..########


You could see 4 nagas.

Vanquished Creatures
  4 hydras
  Erica (Lair:1)
  A deep elf pyromancer (D:8)
  A cyclops (D:8)
  Maurice (D:8)
  A black mamba (Lair:2)
  A torpor snail (Lair:3)
  2 cane toads (Lair:2)
  A rime drake (Lair:1)
  4 komodo dragons
  A polar bear (Lair:1)
  3 blink frogs (Lair:1)
  A jumping spider (shapeshifter) (D:8)
  5 wyverns
  6 yaks
  4 steam dragons
  A basilisk (D:8)
  A naga (Lair:3)
  7 water moccasins
  3 ice beasts
  2 sky beasts
  2 black bears (D:7)
  4 ogres
  3 wolves (Lair:1)
  5 centaurs
  A kobold brigand (D:7)
  A gnoll sergeant (D:8)
  9 bullfrogs
  A necrophage (D:5)
  4 wyvern zombies (D:6)
  2 scorpions
  2 wights
  4 killer bees
  2 howler monkeys
  2 centaur zombies (D:6)
  3 bullfrog zombies (D:6)
  2 gnoll boudas
  3 orc priests
  2 centaur skeletons (D:6)
  2 hounds (D:7)
  A jelly (D:4)
  4 iguanas
  Jessica (D:3)
  3 orc wizards
  A killer bee zombie (D:6)
  2 howler monkey zombies (D:6)
  2 gnolls (D:6)
  7 adders
  4 white imps
  2 ufetubi
  2 worms (D:2)
  4 dart slugs
  8 orcs
  8 bats
  10 endoplasms
  5 giant cockroaches
  5 goblins
  7 hobgoblins
  15 jackals
  14 kobolds
  4 quokkas
  5 ball pythons
  4 frilled lizards
  13 rats
  A spectral orc (D:8)
237 creatures vanquished.

Vanquished Creatures (others)
  3 fungi (Lair:2)
  18 plants
  3 withered plants (D:6)
24 creatures vanquished.

Grand Total: 261 creatures vanquished

Notes
Turn   | Place    | Note
-------+----------+-------------------------------------------
     0 | D:1      | qw the Troll Cinder Acolyte began the quest for the Orb.
     0 | D:1      | Reached XP level 1. HP: 22/22 MP: 1/1
     0 | D:1      | 0 ||| qw: Version: 0.1-a-95-gae9e614
     0 | D:1      | 0 ||| qw: Game counter: 4435
     0 | D:1      | 0 ||| qw: Always use a shield: true
     0 | D:1      | 0 ||| qw: God list: Okawaru
     0 | D:1      | 0 ||| qw: Allow faded altars: false
     0 | D:1      | 0 ||| qw: Do Orc after D:15 true
     0 | D:1      | 0 ||| qw: Do second Lair branch before Depths: true
     0 | D:1      | 0 ||| qw: Lair rune preference: random
     0 | D:1      | 0 ||| qw: Plans: Normal
     0 | D:1      | 0 ||| PLANNING D:1-11
   103 | D:1      | 103 ||| READING scroll labelled PENUTT KOGI.
   109 | D:1      | Found a faded altar of an unknown god.
   126 | D:1      | 126 ||| Stepping ~*~*~tactically~*~*~ (stealth).
   131 | D:1      | 131 ||| Stepping ~*~*~tactically~*~*~ (outnumbered).
   137 | D:1      | Reached XP level 2. HP: 29/29 MP: 2/2
   162 | D:1      | 162 ||| Stepping ~*~*~tactically~*~*~ (outnumbered).
   163 | D:1      | 163 ||| Stepping ~*~*~tactically~*~*~ (outnumbered).
   164 | D:1      | 164 ||| Stepping ~*~*~tactically~*~*~ (outnumbered).
   205 | D:1      | Reached skill level 4 in Unarmed Combat
   301 | D:1      | 301 ||| Stepping ~*~*~tactically~*~*~ (stealth).
   436 | D:1      | Reached XP level 3. HP: 34/36 MP: 3/3
   507 | D:1      | You fall into a shaft and drop 1 floor!
   600 | D:2      | 600 ||| Stepping ~*~*~tactically~*~*~ (stealth).
   604 | D:2      | 604 ||| Stepping ~*~*~tactically~*~*~ (stealth).
   606 | D:2      | 606 ||| Stepping ~*~*~tactically~*~*~ (stealth).
   607 | D:2      | 607 ||| Stepping ~*~*~tactically~*~*~ (stealth).
   628 | D:2      | 628 ||| UPGRADING to amulet of reflection.
   633 | D:2      | 633 ||| READING scroll labelled WOARET GAA.
   634 | D:2      | 634 ||| READING 2 scrolls labelled KESEBL YR XAUPTI.
   635 | D:2      | 635 ||| READING 2 scrolls labelled CEN COSUALEI.
   638 | D:2      | 638 ||| DROPPING scroll of poison.
   934 | D:1      | 934 ||| READING scroll labelled BEESIV KURI.
  1004 | D:2      | 1004 ||| Stepping ~*~*~tactically~*~*~ (stealth).
  1086 | D:2      | 1086 ||| Stepping ~*~*~tactically~*~*~ (stealth).
  1089 | D:2      | Reached XP level 4. HP: 44/44 MP: 4/4
  1091 | D:2      | 1091 ||| Stepping ~*~*~tactically~*~*~ (stealth).
  1092 | D:2      | 1092 ||| Stepping ~*~*~tactically~*~*~ (stealth).
  1210 | D:2      | 1210 ||| Stepping ~*~*~tactically~*~*~ (stealth).
  1232 | D:2      | Reached skill level 5 in Unarmed Combat
  1511 | D:2      | 1511 ||| READING 2 scrolls labelled KEVOOSEENO.
  1512 | D:2      | 1512 ||| DRINKING 2 red potions.
  1513 | D:2      | 1513 ||| DROPPING potion of magic.
  1641 | D:3      | 1641 ||| Stepping ~*~*~tactically~*~*~ (hiding).
  1763 | D:3      | Noticed Jessica
  1764 | D:3      | 1764 ||| Stepping ~*~*~tactically~*~*~ (stealth).
  1773 | D:3      | Killed Jessica
  1832 | D:3      | Found a stormy altar of Qazlal.
  1838 | D:3      | 1838 ||| Stepping ~*~*~tactically~*~*~ (outnumbered).
  2018 | D:3      | Reached XP level 5. HP: 50/50 MP: 5/5
  2156 | D:3      | 2156 ||| READING scroll labelled IPPOB WUTUGAAT.
  2157 | D:3      | 2157 ||| READING scroll labelled YBRUCO ECUIF.
  2258 | D:3      | 2258 ||| READING 2 scrolls of identify.
  2258 | D:3      | 2258 ||| IDENTIFYING cyan potion
  2259 | D:3      | 2259 ||| DROPPING potion of attraction.
  2303 | D:4      | Reached skill level 6 in Unarmed Combat
  2342 | D:4      | 2342 ||| Stepping ~*~*~tactically~*~*~ (stealth).
  2351 | D:4      | Found a shimmering altar of Xom.
  2358 | D:4      | Noticed an ogre
  2364 | D:4      | 2364 ||| INVOKING Fiery Armour.
  2365 | D:4      | Killed an ogre
  2430 | D:4      | Reached XP level 6. HP: 59/59 MP: 6/6
  2573 | D:4      | Found a staircase to the Ecumenical Temple.
  2613 | D:4      | Reached skill level 7 in Unarmed Combat
  2880 | D:4      | Found an opulent altar of Gozag.
  3028 | D:4      | Found a snail-covered altar of Cheibriados.
  3029 | D:4      | 3029 ||| UPGRADING to +6 ring of dexterity.
  3030 | D:4      | 3030 ||| READING scroll labelled QYESULAMYF.
  3058 | D:4      | 3058 ||| READING 3 scrolls of identify.
  3058 | D:4      | 3058 ||| IDENTIFYING clear potion
  3059 | D:4      | 3059 ||| READING 2 scrolls of identify.
  3059 | D:4      | 3059 ||| IDENTIFYING bubbling green potion
  3081 | D:5      | Entered Level 5 of the Dungeon
  3092 | D:5      | Noticed a water moccasin
  3098 | D:5      | Reached skill level 1 in Dodging
  3102 | D:5      | Killed a water moccasin
  3103 | D:5      | Noticed a steam dragon
  3109 | D:5      | 3109 ||| FLEEEEING.
  3120 | D:5      | 3120 ||| INVOKING Fiery Armour.
  3121 | D:5      | Killed a steam dragon
  3122 | D:5      | Reached skill level 8 in Unarmed Combat
  3122 | D:5      | Reached XP level 7. HP: 31/66 MP: 7/7
  3123 | D:5      | 3123 ||| Stepping ~*~*~tactically~*~*~ (hiding).
  3134 | D:5      | 3134 ||| Stepping ~*~*~tactically~*~*~ (outnumbered).
  3136 | D:5      | Reached skill level 3 in Fighting
  3216 | D:5      | Found a sacrificial altar of Ru.
  3217 | D:5      | 3217 ||| Stepping ~*~*~tactically~*~*~ (stealth).
  3366 | D:5      | Found an iron altar of Okawaru.
  3408 | D:5      | 3408 ||| Stepping ~*~*~tactically~*~*~ (stealth).
  3545 | D:5      | 3545 ||| UPGRADING to +0 steam dragon scales.
  3555 | D:5      | 3555 ||| DROPPING +0 robe.
  3556 | D:5      | 3556 ||| READING 2 scrolls of identify.
  3556 | D:5      | 3556 ||| IDENTIFYING purple potion
  3573 | D:6      | Noticed a steam dragon
  3574 | D:6      | 3574 ||| PLANNING OSSUARY
  3575 | D:6      | 3575 ||| STAIRDANCE
  3581 | D:5      | Killed a steam dragon
  3582 | D:5      | Reached skill level 9 in Unarmed Combat
  3589 | D:6      | 3589 ||| STAIRDANCE
  3597 | D:6      | 3597 ||| STAIRDANCE
  3602 | D:6      | 3602 ||| STAIRDANCE
  3612 | D:5      | Reached skill level 1 in Armour
  3612 | D:5      | Reached XP level 8. HP: 74/75 MP: 8/8
  3616 | D:6      | 3616 ||| STAIRDANCE
  3773 | D:6      | Reached skill level 10 in Unarmed Combat
  4109 | D:6      | 4109 ||| Stepping ~*~*~tactically~*~*~ (stealth).
  4111 | D:6      | 4111 ||| Stepping ~*~*~tactically~*~*~ (stealth).
  4112 | D:6      | 4112 ||| Stepping ~*~*~tactically~*~*~ (stealth).
  4140 | D:6      | 4140 ||| Stepping ~*~*~tactically~*~*~ (stealth).
  4148 | D:6      | 4148 ||| Stepping ~*~*~tactically~*~*~ (stealth).
  4226 | D:6      | 4226 ||| FLEEEEING.
  4230 | D:6      | 4230 ||| FLEEEEING.
  4231 | D:6      | 4231 ||| FLEEEEING.
  4236 | D:6      | 4236 ||| Stepping ~*~*~tactically~*~*~ (stealth).
  4255 | D:6      | 4255 ||| Stepping ~*~*~tactically~*~*~ (stealth).
  4257 | D:6      | 4257 ||| RIP OSSUARY
  4258 | D:6      | 4258 ||| PLANNING D:1-11
  4308 | D:6      | Found a shadowy altar of Dithmenos.
  4358 | D:6      | 4358 ||| Stepping ~*~*~tactically~*~*~ (stealth).
  4360 | D:6      | 4360 ||| Stepping ~*~*~tactically~*~*~ (stealth).
  4362 | D:6      | 4362 ||| Stepping ~*~*~tactically~*~*~ (hiding).
  4620 | D:6      | 4620 ||| FLEEEEING.
  4621 | D:6      | 4621 ||| FLEEEEING.
  4630 | D:6      | Reached XP level 9. HP: 77/85 MP: 9/9
  4827 | D:6      | 4827 ||| UPGRADING to +4 ring of evasion.
  4828 | D:6      | 4828 ||| READING 2 scrolls labelled BOTEUD WELUSIGOD.
  4829 | D:6      | 4829 ||| READING 2 scrolls of identify.
  4829 | D:6      | 4829 ||| IDENTIFYING sedimented yellow potion
  4830 | D:6      | 4830 ||| DROPPING potion of invisibility.
  4831 | D:6      | 4831 ||| DROPPING scroll of vulnerability.
  4880 | D:7      | Reached skill level 11 in Unarmed Combat
  4905 | D:7      | 4905 ||| FLEEEEING.
  4906 | D:7      | 4906 ||| FLEEEEING.
  4907 | D:7      | 4907 ||| FLEEEEING.
  4908 | D:7      | 4908 ||| FLEEEEING.
  4909 | D:7      | 4909 ||| Stepping ~*~*~tactically~*~*~ (hiding).
  4912 | D:7      | 4912 ||| INVOKING Fiery Armour.
  4921 | D:7      | 4921 ||| DRINKING 4 potions of curing.
  4921 | D:7      | 4921 ||| (to cure confusion)
  4943 | D:7      | Reached skill level 12 in Unarmed Combat
  5148 | D:7      | Identified the +11 shortbow of the Magi {freeze, *Corrode
                  | rPois Will+ Int+4}
  5168 | D:7      | Found a radiant altar of Vehumet.
  5496 | D:8      | Found a staircase to the Lair.
  5505 | D:8      | 5505 ||| Stepping ~*~*~tactically~*~*~ (outnumbered).
  5506 | D:8      | 5506 ||| Stepping ~*~*~tactically~*~*~ (outnumbered).
  5507 | D:8      | 5507 ||| Stepping ~*~*~tactically~*~*~ (outnumbered).
  5508 | D:8      | 5508 ||| Stepping ~*~*~tactically~*~*~ (outnumbered).
  5509 | D:8      | 5509 ||| Stepping ~*~*~tactically~*~*~ (outnumbered).
  5511 | D:8      | 5511 ||| Stepping ~*~*~tactically~*~*~ (outnumbered).
  5512 | D:8      | 5512 ||| Stepping ~*~*~tactically~*~*~ (outnumbered).
  5513 | D:8      | 5513 ||| Stepping ~*~*~tactically~*~*~ (outnumbered).
  5514 | D:8      | 5514 ||| Stepping ~*~*~tactically~*~*~ (outnumbered).
  5554 | D:8      | Found a white marble altar of Elyvilon.
  5566 | D:8      | Reached skill level 1 in Throwing
  5573 | D:8      | Noticed Maurice
  5576 | D:8      | Found an ornate altar of the Wu Jian Council.
  5597 | D:8      | Killed Maurice
  5633 | D:8      | Reached skill level 13 in Unarmed Combat
  5633 | D:8      | Reached XP level 10. HP: 85/96 MP: 10/10
  5656 | D:8      | 5656 ||| FLEEEEING.
  5702 | D:8      | Noticed a six-headed hydra
  5702 | D:8      | 5702 ||| Stepping ~*~*~tactically~*~*~ (stealth).
  5704 | D:8      | 5704 ||| Stepping ~*~*~tactically~*~*~ (hiding).
  5710 | D:8      | 5710 ||| INVOKING Fiery Armour.
  5712 | D:8      | Killed a seven-headed hydra
  5713 | D:8      | Reached skill level 3 in Dodging
  5718 | D:8      | Noticed a deep elf pyromancer
  5728 | D:8      | Killed a deep elf pyromancer
  5734 | D:8      | Noticed a cyclops
  5737 | D:8      | Killed a cyclops
  5747 | D:8      | 5747 ||| Stepping ~*~*~tactically~*~*~ (hiding).
  5760 | D:8      | Noticed an eight-headed hydra
  5762 | D:8      | Noticed a six-headed hydra
  5763 | D:8      | 5763 ||| Stepping ~*~*~tactically~*~*~ (outnumbered).
  5765 | D:8      | Killed a 12-headed hydra
  5766 | D:8      | Reached skill level 14 in Unarmed Combat
  5768 | D:8      | Killed an eight-headed hydra
  5769 | D:8      | Reached skill level 6 in Fighting
  5769 | D:8      | 5769 ||| FLEEEEING.
  5773 | D:8      | 5773 ||| FLEEEEING.
  5774 | D:8      | 5774 ||| FLEEEEING.
  5775 | D:8      | 5775 ||| FLEEEEING.
  5776 | D:8      | 5776 ||| FLEEEEING.
  5777 | D:8      | 5777 ||| FLEEEEING.
  5778 | D:8      | 5778 ||| FLEEEEING.
  5779 | D:8      | 5779 ||| FLEEEEING.
  5780 | D:8      | 5780 ||| FLEEEEING.
  5786 | D:8      | 5786 ||| FLEEEEING.
  5787 | D:8      | 5787 ||| FLEEEEING.
  5788 | D:8      | 5788 ||| STAIRDANCE
  5831 | D:7      | 5831 ||| UPGRADING to +0 cloak.
  5836 | D:7      | 5836 ||| READING 2 scrolls of identify.
  5836 | D:7      | 5836 ||| IDENTIFYING blue potion
  5839 | D:8      | 5839 ||| STAIRDANCE
  5885 | D:8      | Found a glowing golden altar of the Shining One.
  6072 | D:8      | Found a basalt altar of Yredelemnul.
  6207 | D:8      | Found an ancient bone altar of Kikubaaqudgha.
  6258 | D:8      | Found a hazy altar of Hepliaklqana.
  6327 | D:8      | 6327 ||| PLANNING LAIR
  6327 | D:8      | 6327 ||| DROPPING ring of willpower.
  6362 | Lair:1   | Entered Level 1 of the Lair of Beasts
  6366 | Lair:1   | Found a transporter.
  6375 | Lair:1   | Noticed an eight-headed hydra
  6376 | Lair:1   | 6376 ||| INVOKING Fiery Armour.
  6380 | Lair:1   | Killed a nine-headed hydra
  6381 | Lair:1   | Reached skill level 3 in Throwing
  6381 | Lair:1   | Reached XP level 11. HP: 70/105 MP: 11/11
  6431 | Lair:1   | Noticed Erica
  6432 | Lair:1   | 6432 ||| Stepping ~*~*~tactically~*~*~ (hiding).
  6435 | Lair:1   | 6435 ||| Stepping ~*~*~tactically~*~*~ (hiding).
  6436 | Lair:1   | 6436 ||| Stepping ~*~*~tactically~*~*~ (hiding).
  6446 | Lair:1   | Killed Erica
  6630 | Lair:1   | 6630 ||| Stepping ~*~*~tactically~*~*~ (hiding).
  6732 | Lair:1   | 6732 ||| Stepping ~*~*~tactically~*~*~ (hiding).
  6834 | Lair:1   | 6834 ||| Stepping ~*~*~tactically~*~*~ (hiding).
  6936 | Lair:1   | 6936 ||| Stepping ~*~*~tactically~*~*~ (hiding).
  7048 | Lair:1   | Found a transporter.
  7170 | Lair:1   | 7170 ||| Stepping ~*~*~tactically~*~*~ (stealth).
  7171 | Lair:1   | 7171 ||| INVOKING Fiery Armour.
  7180 | Lair:1   | 7180 ||| Stepping ~*~*~tactically~*~*~ (stealth).
  7336 | Lair:1   | 7336 ||| READING scroll labelled UPSOXO AMMEA.
  7352 | Lair:2   | 7352 ||| STAIRDANCE
  7398 | Lair:2   | 7398 ||| STAIRDANCE
  7408 | Lair:2   | Reached skill level 6 in Throwing
  7462 | Lair:2   | 7462 ||| Stepping ~*~*~tactically~*~*~ (hiding).
  7464 | Lair:2   | 7464 ||| Stepping ~*~*~tactically~*~*~ (hiding).
  7749 | Lair:2   | 7749 ||| FLEEEEING.
  7750 | Lair:2   | 7750 ||| STAIRDANCE
  7854 | Lair:2   | 7854 ||| STAIRDANCE
  7860 | Lair:1   | Reached skill level 15 in Unarmed Combat
  7885 | Lair:2   | 7885 ||| STAIRDANCE
  7908 | Lair:2   | 7908 ||| STAIRDANCE
  7927 | Lair:2   | 7927 ||| STAIRDANCE
  8276 | Lair:2   | 8276 ||| READING scroll labelled PAITTE SOUVYNG.
  8437 | Lair:3   | Found a staircase to the Shoals.
  8532 | Lair:3   | Reached skill level 16 in Unarmed Combat
  8631 | Lair:3   | 8631 ||| Stepping ~*~*~tactically~*~*~ (outnumbered).
  8632 | Lair:3   | 8632 ||| Stepping ~*~*~tactically~*~*~ (outnumbered).
  8634 | Lair:3   | Found a staircase to the Snake Pit.
  8639 | Lair:3   | 8639 ||| INVOKING Fiery Armour.
  8639 | Lair:3   | HP: 18/105 [naga/+0 trident of protection (9)]
  8640 | Lair:3   | 8640 ||| READING 3 scrolls of teleportation.
  8641 | Lair:3   | 8641 ||| DRINKING potion of heal wounds.
  8641 | Lair:3   | HP: 3/105 [naga/+0 glaive (11)]
  8642 | Lair:3   | HP: 1/105 [poisoned by a naga (splash of poison)]
  8642 | Lair:3   | Killed from afar by a naga

Levels and vault maps discovered:
D:1:      erik_arrival_triangle_medium, layout_basic,
          shapermc_ecumenical_altar_notcrosses
D:2:      layout_loops_ring
D:3:      layout_rooms, lemuel_round_altar, uniq_jessica
D:4:      layout_loops_ring, mainiacjoe_overflow_tiny_flanked, kennysheep_mini,
          grunt_gozag_statues, minmay_temple_entry_mist, minmay_crystal_water,
          abandoned_shop
D:5:      layout_cave_pools, nicolae_ru_great_annihilating_truth,
          lemuel_crystal_altar
D:6:      layout_basic, grunt_dithmenos_smoke_and_mirrors, serial_undead,
          serial_undead_d, serial_undead_b, serial_undead_b, serial_undead_a,
          serial_undead_d, serial_undead_e, chequers_ossuary_entry_cave,
          kennysheep_cross_bottleneck, minmay_misc_feat_room,
          nrook_loot_triangle, nicolae_grassy_gnolls
D:7:      layout_basic, overflow_temple_1_default,
          corexii_item_surrounded_by_moat
D:8:      minmay_the_grid_triangle_9x9_rhombus_thin
          [minmay_the_grid_triangle_9x9_windchime,
          minmay_the_grid_triangle_9x9_prize_schism,
          minmay_the_grid_triangle_9x9_thin_v,
          minmay_the_grid_triangle_9x9_wacky_v], layout_rooms,
          nicolae_overflow_crystal_walls, kennysheep_mini_moat,
          nicolae_hepliaklqana_hippocampus, mainiacjoe_overflow_brackets,
          amcnicky_altar_gilded, yredelemnul_forgotten_temple_becter,
          uniq_maurice
Lair:1:   gammafunk_worm_tunnel, layout_misc_corridors, uniq_erica
Lair:2:   layout_roguey
Lair:3:   layout_hall_layers, minmay_shoals_entry_centaurs,
          minmay_snake_entry_guardpost_medium

Skill      XL: |  1  2  3  4  5  6  7  8  9 10 11 |
---------------+----------------------------------+-----
Unarmed Combat | 4 5 6 8 9 10 13 14 16 | 16.0
Dodging        | 1 2 3 |  3.9
Fighting       | 3 4 5 6 |  6.2
Armour         | 1 2 |  2.0
Throwing       | 1 3 6 |  6.0
Spellcasting   | |  1.0
Fire Magic     | |  2.1

Action                   |  1- 3 |  4- 6 |  7- 9 | 10-12 || total
-------------------------+-------+-------+-------+-------++-------
Melee: Unarmed           |   100 |   124 |   202 |   173 ||   599
       Punch             |     1 |     3 |    16 |    12 ||    32
Throw: Boomerang         |       |       |     2 |    23 ||    25
       Large rock        |       |       |       |    24 ||    24
Invok: Fiery Armour      |       |     2 |     1 |     4 ||     7
  Use: Scroll            |     5 |     7 |     3 |     4 ||    19
       Potion            |       |     1 |     1 |     1 ||     3
 Stab: Paralysed         |       |       |     1 |       ||     1
       Sleeping          |       |       |     1 |       ||     1
Armor: Robe              |    36 |    39 |     9 |       ||    84
       Steam dragon scal |       |       |    86 |    48 ||   134
Dodge: Dodged            |    38 |    33 |   118 |   100 ||   289
Block: Other             |    17 |    16 |    49 |    38 ||   120
       Reflection        |       |       |     3 |     1 ||     4

Table legend:
 A = Non-vault XP
 B = Vault XP
 C = Vault XP percentage of total XP
 D = Non-vault monster count
 E = Vault monster count
 F = Vault count percentage of total count
                 A         B        C        D         E       F
            +---------+---------+-------+---------+---------+-------
      Total |   12984 |    7919 |  37.9 |     187 |      50 |  21.1
            +---------+---------+-------+---------+---------+-------
        D:1 |      59 |       0 |   0.0 |      33 |       0 |   0.0
        D:2 |      53 |       0 |   0.0 |      20 |       0 |   0.0
        D:3 |      59 |      37 |  38.5 |      23 |       1 |   4.2
        D:4 |     226 |       0 |   0.0 |      14 |       0 |   0.0
        D:5 |     983 |      18 |   1.8 |      19 |       4 |  17.4
        D:6 |     731 |     786 |  51.8 |      11 |      17 |  60.7
        D:7 |    1186 |      70 |   5.6 |      24 |       1 |   4.0
        D:8 |     774 |    5545 |  87.8 |       7 |      21 |  75.0
     Lair:1 |    4392 |     847 |  16.2 |      17 |       1 |   5.6
     Lair:2 |    2625 |       0 |   0.0 |      11 |       0 |   0.0
     Lair:3 |    1896 |     616 |  24.5 |       8 |       5 |  38.5
            +---------+---------+-------+---------+---------+-------
